 Dungeon Crawl Stone Soup version 0.29-a0-994-gc5c9f59d18 (webtiles) character file.

Game seed: 10428417401071449739

165 jlumianski the Grave Robber (level 5, -8/34 (36) HPs)
             Began as a Demonspawn Necromancer on Aug 3, 2022.
             Mangled by a wight
             ... wielding a +0 flail
              (14 damage)
             ... on level 4 of the Dungeon.
             The game lasted 00:27:53 (4665 turns).

jlumianski the Grave Robber (DsNe)                  Turns: 4665, Time: 00:27:53

HP:   -8/34 (36)    AC:  4    Str:  8    XL:     5   Next: 22%
MP:   0/9           EV: 11    Int: 20    God:
Gold: 204           SH:  0    Dex: 14    Spells: 6/10 levels left

rFire   . . .      SeeInvis .   q - +0 dagger (venom)
rCold   . . .      Faith    .   (no shield)
rNeg    . . .      Spirit   +   t - +0 leather armour
rPois   .          Reflect  .   (no helmet)
rElec   .          Harm     .   (no cloak)
rCorr   .          Rampage  .   (no gloves)
Will    .....                   l - +0 pair of boots
Stlth   ++........              c - amulet of guardian spirit
HPRegen 0.11/turn               (no ring)
MPRegen 0.11/turn               (no ring)

@: drained
A: foul stench 1, big brain 1, demonic magic 2
a: no special abilities


You were on level 4 of the Dungeon.
You visited 1 branch of the dungeon, and saw 5 of its levels.

You collected 204 gold pieces.

Inventory:

Hand Weapons
 n - a +0 dagger
 q - a +0 dagger of venom (weapon)
 u - a +0 sling
Missiles
 e - 46 stones
 j - 4 atropa-tipped darts
 k - 6 boomerangs (quivered)
 p - 4 poisoned darts
Armour
 a - a +0 robe
 l - a +0 pair of boots (worn)
 t - a +0 leather armour (worn)
Jewellery
 c - an amulet of guardian spirit (around neck)
Scrolls
 d - 3 scrolls of immolation
 g - 3 scrolls of enchant weapon {unknown}
Potions
 b - a potion of magic
 f - 6 potions of curing
 h - 2 potions of lignification
 i - 2 potions of attraction {unknown}
 m - a potion of heal wounds
 o - a potion of haste
 r - a potion of degeneration
 s - a potion of flight


   Skills:
 + Level 0.8 Fighting
 + Level 0.1 Short Blades
 + Level 0.2 Armour
 + Level 2.0 Dodging
 + Level 2.6 Stealth
 + Level 3.0 Spellcasting
 + Level 5.9 Necromancy


You had 6 spell levels left.
You knew the following spells:

 Your Spells              Type           Power      Damage    Failure   Level
a - Necrotise             Necr           100%       1d9       1%          1
b - Vampiric Draining     Necr           26%        2d7       5%          3

Your spell library contained the following spells:

 Spells                   Type           Power      Damage    Failure   Level
 Animate Dead             Necr           26%        N/A       19%         4
 Agony                    Necr           26%        N/A       45%         5


Dungeon Overview and Level Annotations

Branches:
Dungeon (5/15)
 Temple: D:4-7

Altars:

Annotations:
D:2 Grinder
D:4 Menkaure


Innate Abilities, Weirdness & Mutations

You may rarely emit foul miasma when damaged in melee.
You have an unusually large brain. (Int +2)
Spells you cast may paralyse nearby enemies.


Message History

Your body is wracked with pain!
* * * LOW HITPOINT WARNING * * *
You climb upwards.
There is a stone staircase leading down here.
You start resting.
Magic restored.
You start resting.
HP restored.
Your +0 dagger of venom begins to drip with poison!
q - a +0 dagger of venom (weapon)
Okay, then.
Unknown command.
Unknown command.
Unknown command.
Unknown command.
Okay, then.
There is a stone staircase leading down here.
You climb downwards.
Level annotation: Menkaure
There is a stone staircase leading up here.
There is a stone staircase leading up here.
Found a scroll of immolation.
d - 3 scrolls of immolation (gained 1)
A ball python comes into view.
The helpless ball python fails to defend itself.
You puncture the ball python!
You kill the ball python!
Found a stone staircase leading down.
Found a book of Party Tricks.
Found an escape hatch in the ceiling.
A wight comes into view. It is wielding a +0 flail.
A wight comes into view. It is wielding a +0 morningstar.
A wight comes into view. It is wielding a +7 great sword.
The wight misses you. The wight attacks as you move away!
The wight hits you with a +0 flail! The wight attacks as you move away!
The wight closely misses you. The wight hits you with a +0 flail!
You feel drained.
The wight hits you with a +0 morningstar!
* * * LOW HITPOINT WARNING * * *
The wight attacks as you move away! The wight hits you with a +0 flail!
You die...

.. ###### .#
#####.#####
####..........
####.............
###...........:....
#..................
#........z........
##.>.....@z.......
##................
###..#..............
###...####.......<....
###...###
###.......... ##....##
#####....## ....###
###.z ...## #. ####


You could see 3 wights.

Vanquished Creatures
  A jelly (D:3)
  4 gnolls
  3 adders
  2 worms
  2 dart slugs
  2 orcs (D:4)
  6 ball pythons
  6 endoplasms
  7 giant cockroaches
  3 goblins (D:2)
  7 hobgoblins
  3 kobolds
  2 quokkas
  7 bats
  3 frilled lizards
  4 rats (D:2)
62 creatures vanquished.

Vanquished Creatures (collateral kills)
  3 butterflies (D:1)
3 creatures vanquished.

Grand Total: 65 creatures vanquished

Notes
Turn   | Place    | Note
-------+----------+-------------------------------------------
     0 | D:1      | jlumianski the Demonspawn Necromancer began the quest for
                  | the Orb.
     0 | D:1      | Reached XP level 1. HP: 13/13 MP: 3/3
    25 | D:1      | Upgraded the game from 0.29-a0-993-g4a18f31a58 to
                  | 0.29-a0-994-gc5c9f59d18
   638 | D:1      | Found a faded altar of an unknown god.
   712 | D:1      | Gained mutation: You have an unusually large brain. (Int
                  | +2) [demonic ancestry]
   712 | D:1      | Reached XP level 2. HP: 19/19 MP: 1/5
  1146 | D:2      | Reached skill level 5 in Necromancy
  1373 | D:2      | Gained mutation: Spells you cast may paralyse adjacent
                  | enemies. [demonic ancestry]
  1373 | D:2      | Reached XP level 3. HP: 20/24 MP: 1/6
  1466 | D:2      | Learned a level 3 spell: Vampiric Draining
  2497 | D:2      | Gained mutation: You may rarely emit foul miasma when
                  | damaged in melee. [demonic ancestry]
  2497 | D:2      | Reached XP level 4. HP: 30/30 MP: 5/7
  2861 | D:3      | Gained mutation: Spells you cast may paralyse nearby
                  | enemies. [demonic ancestry]
  2861 | D:3      | Reached XP level 5. HP: 33/36 MP: 2/9
  2940 | D:3      | Noticed Grinder
  3404 | D:5      | Entered Level 5 of the Dungeon
  3732 | D:4      | Noticed a phantom
  4252 | D:4      | Noticed Menkaure
  4665 | D:4      | Mangled by a wight

Illustrated notes

Levels and vault maps discovered:
D:1:      spicycebolla_arrival_clurvy, layout_basic,
          shapermc_ecumenical_altar_mp_highgroup
D:2:      minmay_angry_zag, layout_basic
D:3:      layout_basic, hangedman_decor_lopped, grunt_ministairs_2, uniq_grinder
D:4:      layout_cave_pods, uniq_menkaure
D:5:      layout_loops_ring, minmay_temple_entry_gardened_gates,
          minmay_manual_monstrance

Skill      XL: |  1  2  3  4  5 |
---------------+----------------+-----
Necromancy     | 5 |  5.9
Dodging        | 2 |  2.0
Stealth        | 2 |  2.6
Spellcasting   | 3 |  3.0
Fighting       | |  0.8
Short Blades   | |  0.1
Armour         | |  0.2

Action                   |  1- 3 |  4- 6 || total
-------------------------+-------+-------++-------
Melee: Unarmed           |    14 |       ||    14
       Dagger            |     6 |    56 ||    62
Throw: Dart              |     5 |       ||     5
       Boomerang         |       |     1 ||     1
 Cast: Necrotise         |    64 |    38 ||   102
  Use: Scroll            |       |     9 ||     9
       Potion            |       |     1 ||     1
 Stab: Paralysed         |     5 |    10 ||    15
       Sleeping          |       |     1 ||     1
Armor: Robe              |    15 |     1 ||    16
       Leather armour    |       |    14 ||    14
Dodge: Dodged            |    43 |    29 ||    72

Table legend: (Time is in decaauts)
 A = Elapsed time spent in this place.
 B = Non-inter-level travel time spent in this place.
 C = Inter-level travel time spent in this place.
 D = Time resting spent in this place.
 E = Time spent auto-exploring this place.
 F = Levels seen in this place.
 G = Mean time per level.
                   A        B        C        D        E       F      G
               +--------+--------+--------+--------+--------+-----+--------+
         Total |   4672 |   4614 |     58 |    763 |   2066 |   5 |  934.4 |
       Dungeon |   4672 |   4614 |     58 |    763 |   2066 |   5 |  934.4 |
               +--------+--------+--------+--------+--------+-----+--------+

Top non-repeatable levels by time:
     D:2: 1551 daAuts
     D:3: 1535 daAuts
     D:1: 1105 daAuts
     D:4: 477 daAuts
     D:5: 1 daAuts
